 Dungeon Crawl Stone Soup version 0.23-b1-51-gfe822ef6ca (webtiles) character file.

Game seed: 14478389223844991416

15548 Kisielow the Carver (level 12, -21/103 HPs)
             Began as a Minotaur Fighter on Feb 3, 2019.
             Was a Priest of Qazlal.
             Demolished by Gastronok (27 damage)
             ... on level 3 of the Lair of Beasts.
             The game lasted 00:30:50 (13354 turns).

Kisielow the Carver (Minotaur Fighter)             Turns: 13354, Time: 00:30:51

Health: -21/103    AC: 12    Str: 25    XL:     12   Next: 2%
Magic:  10/17      EV: 13    Int:  5    God:    Qazlal [***...]
Gold:   795        SH: 23    Dex: 16    Spells: 11/11 levels left

rFire    + + +     SeeInvis .   G - +0 scimitar (flame)
rCold    x x .     Gourm    .   c - +1 shield
rNeg     . . .     Faith    .   E - +0 fire dragon scales
rPois    .         Spirit   .   (helmet restricted)
rElec    .         Reflect  +   (no cloak)
rCorr    .         Harm     .   r - +0 pair of gloves
MR       +....                  (no boots)
Stlth    +.........             H - +5 amulet of reflection
HPRegen  0.27/turn              u - ring of protection from magic
MPRegen  0.15/turn              a - ring of fire

@: agile, hasted, very quick
A: retaliatory headbutt, horns 2
a: Upheaval, Elemental Force, Renounce Religion


You were on level 3 of the Lair of Beasts.
You worshipped Qazlal.
Qazlal was most pleased with you.
You were not hungry.

You visited 3 branches of the dungeon, and saw 14 of its levels.

You collected 795 gold pieces.

Inventory:

Hand Weapons
 G - a +0 scimitar of flaming (weapon)
Armour
 c - a +1 shield (worn)
 r - a +0 pair of gloves (worn)
 y - a +0 chain mail
 E - +0 fire dragon scales (worn)
Jewellery
 a - a ring of fire (right hand)
 l - an uncursed amulet of guardian spirit
 t - an uncursed amulet of rage
 u - a ring of protection from magic (left hand)
 A - an uncursed amulet of the gourmand {unknown}
 H - a +5 amulet of reflection (around neck)
Wands
 b - a wand of paralysis (10)
 d - a wand of digging (6)
 z - a wand of flame (25)
 F - a wand of random effects (22)
Scrolls
 e - 5 scrolls of amnesia
 h - 8 scrolls of identify
 o - a scroll of magic mapping
 p - 5 scrolls of remove curse
 q - 3 scrolls of immolation
 s - 7 scrolls of teleportation
 w - a scroll of fear
 x - 5 scrolls of enchant weapon
 D - 2 scrolls of blinking
Potions
 g - 2 potions of flight
 i - 3 potions of magic
 j - a potion of curing
 k - a potion of haste
 m - 3 potions of cancellation
 n - 2 potions of brilliance
Comestibles
 f - 20 rations


   Skills:
 + Level 8.8 Fighting
 * Level 12.1 Long Blades
 + Level 8.7 Armour
 + Level 8.8 Shields
 + Level 8.9 Invocations
 - Level 8.0 Evocations


You had 11 spell levels left.
You didn't know any spells.
Your spell library contained the following spells:

 Spells                   Type           Power        Failure   Level  Hunger
 Beastly Appendage        Tmut           #.....       96%         1    ##.....
 Passwall                 Tmut/Erth      #.......     99%         2    ###....
 Poisonous Vapours        Pois/Air       #.....       99%         2    ###....
 Searing Ray              Conj           #.....       99%         2    ###....
 Sticks to Snakes         Tmut           #.......     99%         2    ###....
 Conjure Flame            Conj/Fire      #.......     100%        3    ####...
 Ignite Poison            Fire/Tmut/Pois #.......     100%        3    ####...
 Mephitic Cloud           Conj/Pois/Air  #.......     100%        3    ####...
 Spider Form              Tmut/Pois      #.........   100%        3    ####...
 Vampiric Draining        Necr           #.........   100%        3    ####...
 Ice Form                 Ice/Tmut       #.......     100%        4    #####..
 Blade Hands              Tmut           #.........   100%        5    ######.
 Bolt of Magma            Conj/Fire/Erth #.........   100%        5    ######.
 Iskenderun's Battlesphe  Conj/Chrm      #.......     100%        5    ######.
 Venom Bolt               Conj/Pois      #.........   100%        5    ######.
 Death Channel            Necr           #.........   100%        6    #######
 Freezing Cloud           Conj/Ice/Air   #.........   100%        6    #######
 Hydra Form               Tmut           #.........   100%        6    #######
 Iron Shot                Conj/Erth      #.........   100%        6    #######
 Orb of Destruction       Conj           #.........   100%        7    #######
 Ring of Flames           Chrm/Fire      #.........   100%        7    #######
 Spellforged Servitor     Conj/Summ      #.........   100%        7    #######


Dungeon Overview and Level Annotations

Branches:
Dungeon (10/15)            Temple (1/1) D:5            Lair (3/6) D:10
 Shoals (0/4) Lair:2
  Snake: Lair:2-4    Spider: Lair:2-4       Orc: D:9-12

Altars:
Ashenzari
Cheibriados
Dithmenos
Elyvilon
Fedhas
Gozag
Hepliaklqana
Kikubaaqudgha
Makhleb
Nemelex Xobeh
Okawaru
Qazlal
Ru
Sif Muna
Trog
Uskayaw
Vehumet
Wu Jian
Xom
Yredelemnul
Zin
The Shining One

Shops:
D:5 *

Annotations:
D:3 1 runed translucent door
Lair:3 Gastronok


Innate Abilities, Weirdness & Mutations

You reflexively headbutt those who attack you in melee.
You have a pair of horns on your head.


Message History

The crocodile is heavily wounded.
You block the crocodile's attack.
You slice the crocodile!! You burn the crocodile.
You kill the crocodile!
Qazlal accepts your kill.
You can't see any clouds you can empower.
Aiming: Upheaval
Press: ? - help, Dir - move target cursor, f - Gastronok
Aim: Gastronok, wearing a +0 hat (lightly wounded, covering ground quickly)
A storm cloud blasts the area with cutting wind!
The cutting wind hits Gastronok!!
Gastronok is lightly wounded.
You completely miss Gastronok.
Gastronok is lightly wounded.
You slash Gastronok! You burn Gastronok.
Gastronok is lightly wounded.
You hit Gastronok but do no damage.
Gastronok is lightly wounded.
Gastronok bites you!!
You die...

......### ....# .
..#.....#### #...# ..
...###..##.### #...# ...
..###.#....#.###?..# ....
...######.....##P..#.....
...# ###...##.........
...# #....#...#.#.##
...P# ###...w### # ....#
###.@# ..### #..# . #.##
..# ...# ....# .....#
#.....


You could see Gastronok.

Vanquished Creatures
  Erolcha (D:9)
  Erica (D:8)
  A merfolk siren (Lair:2)
  Psyche (D:9)
  2 spiny frogs
  2 komodo dragons
  2 trolls
  3 blink frogs (Lair:2)
  4 hippogriffs
  Sigmund (D:3)
  16 yaks
  A wyvern (Lair:1)
  A human (D:8)
  A vampire mosquito (D:9)
  2 basilisks
  3 hogs (D:8)
  3 wargs (D:10)
  An orc warrior (D:8)
  2 porcupines
  4 ice beasts
  2 sky beasts
  2 black bears
  A phantom (D:9)
  6 ogres
  The ghost of McKennaii the Caller, an amateur DgSu (D:3)
  6 wolves (Lair:1)
  3 centaurs
  2 big kobolds
  4 crocodiles
  20 bullfrogs
  A water moccasin zombie (D:8)
  3 scorpions
  A water moccasin skeleton (D:6)
  6 killer bees
  4 electric eels
  5 howler monkeys
  2 quasits
  2 crimson imps
  A jelly (D:6)
  5 centaur skeletons
  12 orc priests
  6 hounds
  2 iguanas
  8 orc wizards
  8 worker ants
  A hound skeleton (D:7)
  A hound zombie (D:9)
  4 gnolls (D:5)
  A river rat (D:3)
  A worker ant zombie (D:7)
  9 adders
  5 shadow imps
  An ooze (D:6)
  4 worms
  A dart slug (D:3)
  8 leopard geckos
  36 orcs
  6 giant cockroaches
  5 goblins
  10 hobgoblins
  4 jackals
  3 quokkas
  A ball python (D:6)
  A ball python skeleton (D:4)
  11 bats
  4 frilled lizards
  A jackal skeleton (D:7)
  15 kobolds
  A leopard gecko skeleton (D:4)
  3 rats
302 creatures vanquished.

Notes
Turn   | Place    | Note
-------+----------+-------------------------------------------
     0 | D:1      | Kisielow the Minotaur Fighter began the quest for the Orb.
     0 | D:1      | Reached XP level 1. HP: 19/19 MP: 0/0
   251 | D:1      | Reached skill level 3 in Long Blades
   507 | D:1      | Reached XP level 2. HP: 26/26 MP: 1/1
   976 | D:2      | Found a shadowy altar of Dithmenos.
   982 | D:2      | Reached skill level 4 in Long Blades
  1147 | D:2      | Reached XP level 3. HP: 31/31 MP: 2/2
  1470 | D:2      | Reached skill level 5 in Long Blades
  1894 | D:2      | Reached XP level 4. HP: 33/39 MP: 3/3
  2187 | D:3      | Found a runed translucent door.
  2188 | D:3      | Noticed McKennaii's ghost (amateur DgSu)
  2279 | D:3      | Noticed Sigmund
  2285 | D:3      | Killed Sigmund
  2285 | D:3      | Reached skill level 6 in Long Blades
  2285 | D:3      | Reached XP level 5. HP: 47/47 MP: 4/4
  2388 | D:3      | Found a runed translucent door.
  2520 | D:3      | Reached XP level 6. HP: 53/53 MP: 5/5
  2571 | D:3      | Killed McKennaii's ghost
  2880 | D:4      | Reached skill level 7 in Long Blades
  2880 | D:4      | Reached XP level 7. HP: 39/60 MP: 6/6
  2955 | D:4      | Reached skill level 5 in Armour
  2976 | D:4      | Reached skill level 5 in Fighting
  2976 | D:4      | Reached skill level 5 in Shields
  3422 | D:5      | Entered Level 5 of the Dungeon
  3510 | D:5      | Reached skill level 8 in Long Blades
  3561 | D:5      | Reached XP level 8. HP: 20/70 MP: 7/7
  3873 | D:5      | Found a staircase to the Ecumenical Temple.
  3884 | Temple   | Entered the Ecumenical Temple
  4161 | Temple   | Became a worshipper of Qazlal Stormbringer
  4287 | D:5      | Found Zudo's General Store.
  4655 | D:5      | Reached skill level 9 in Long Blades
  4984 | D:6      | Identified the Grimoire of Harmful Necromancy
  5082 | D:6      | Reached * piety under Qazlal
  5195 | D:6      | Reached XP level 9. HP: 68/79 MP: 8/8
  5249 | D:6      | Reached skill level 10 in Long Blades
  5613 | D:7      | Identified the Guide on Transformation
  6333 | D:8      | Found a sparkling altar of Nemelex Xobeh.
  6390 | D:8      | Reached skill level 1 in Invocations
  6390 | D:8      | Reached skill level 1 in Evocations
  6902 | D:8      | Reached XP level 10. HP: 79/86 MP: 12/12
  7378 | D:8      | Reached skill level 5 in Invocations
  7383 | D:8      | Noticed Erica
  7415 | D:8      | Killed Erica
  7415 | D:8      | Reached skill level 5 in Evocations
  7978 | D:9      | Noticed Erolcha
  8011 | D:9      | Noticed Psyche
  8330 | D:9      | Reached ** piety under Qazlal
  8657 | D:9      | Killed Erolcha
  8657 | D:9      | Reached XP level 11. HP: 60/92 MP: 7/16
  8676 | D:9      | Killed Psyche
  9494 | D:10     | Entered Level 10 of the Dungeon
 10650 | D:10     | Reached skill level 11 in Long Blades
 10655 | D:10     | Reached *** piety under Qazlal
 10816 | D:10     | Found a staircase to the Lair.
 11100 | Lair:1   | Entered Level 1 of the Lair of Beasts
 12239 | Lair:2   | Reached **** piety under Qazlal
 12684 | Lair:2   | Found a staircase to the Shoals.
 12695 | Lair:2   | Reached skill level 12 in Long Blades
 12715 | Lair:2   | HP: 3/95 [electric eel/bolt of electricity (12)]
 12722 | Lair:2   | HP: 3/95 [electric eel/bolt of electricity (3)]
 13327 | Lair:3   | Noticed Gastronok
 13345 | Lair:3   | Reached XP level 12. HP: 15/103 MP: 17/17
 13345 | Lair:3   | HP: 4/103 [crocodile (11)]
 13354 | Lair:3   | Demolished by Gastronok

Skill      XL: |  1  2  3  4  5  6  7  8  9 10 11 |
---------------+----------------------------------+-----
Long Blades    | 3 4 5 6 7 8 9 10 12 | 12.1
Fighting       | 4 5 7 8 |  8.8
Armour         | 4 5 6 7 8 |  8.7
Shields        | 4 5 6 7 8 |  8.8
Invocations    | 4 8 |  8.9
Evocations     | 4 7 8 |  8.0

Action                   |  1- 3 |  4- 6 |  7- 9 | 10-12 || total
-------------------------+-------+-------+-------+-------++-------
Melee: Long sword        |    79 |    81 |   344 |    84 ||   588
       Headbutt          |    16 |    15 |    71 |   106 ||   208
       Scimitar          |       |       |       |   422 ||   422
Invok: Upheaval          |       |       |       |     6 ||     6
 Abil: Evoke Berserk Rag |       |       |     1 |       ||     1
Evoke: Wand              |       |       |       |     1 ||     1
  Use: Scroll            |       |    10 |     5 |     9 ||    24
       Potion            |       |     1 |     2 |     7 ||    10
 Stab: Paralysed         |       |       |       |     1 ||     1
  Eat: Chunk             |     3 |     3 |    14 |    18 ||    38
       Ration            |       |       |       |     1 ||     1
Armor: Scale mail        |    33 |    31 |    49 |       ||   113
       Chain mail        |       |       |   102 |   114 ||   216
       Fire dragon scale |       |       |       |    42 ||    42
Dodge: Dodged            |    27 |    31 |    72 |   103 ||   233
Block: Shield            |    42 |    46 |   227 |   385 ||   700
       Rpst.: Long sword |     7 |     7 |    18 |     6 ||    38
       Scimitar          |       |       |       |    31 ||    31
